 Dungeon Crawl Stone Soup version 0.23-a0-171-g5ae17c6 (webtiles) character file.

12265 Ijustatesigmund the Covert (level 11, 0/70 HPs)
             Began as an Octopode Assassin on Sept 11, 2018.
             Was an Elder of Dithmenos.
             Slain by a seven-headed hydra (3 damage)
             ... on level 12 of the Dungeon on Sept 12, 2018.
             The game lasted 00:53:00 (14325 turns).

Ijustatesigmund the Covert (Octopode Assassin)     Turns: 14325, Time: 00:53:01

Health: 0/70       AC:  3    Str: 10    XL:     11   Next: 90%
Magic:  20/24      EV: 15    Int: 13    God:    Dithmenos [****..]
Gold:   536        SH: 17    Dex: 20    Spells: 8/10 levels left

rFire    . . .     SeeInvis .   i - +7 dagger (speed)
rCold    . . .     Gourm    .   R - +2 large shield
rNeg     . . .     Faith    .   J - +2 hat
rPois    .         Spirit   .   (no amulet)
rElec    .         Reflect  .   g - +4 ring of dexterity
rCorr    .         Harm     .   e - ring of magical power
MR       .....     Clarity  +   y - ring of attention (curse) Stlth +++++++...Rnd*Tele +
                                Q - ring of teleportation (curse)
HPRegen  0.21/turn              (no ring)
MPRegen  0.19/turn              (no ring)
                                (no ring)
                                (no ring)

@: wreathed by umbra
A: almost no armour, stealthy swim, amphibious, 8 rings, constrict 8, camouflage
1, clarity, dopey 1, frail 1, gelatinous body 1
a: Shadow Step, Renounce Religion


You were on level 12 of the Dungeon.
You worshipped Dithmenos.
Dithmenos was greatly pleased with you.
You were not hungry.

You visited 2 branches of the dungeon, and saw 14 of its levels.
You also visited: Sewer.

You collected 536 gold pieces.

Inventory:

Hand Weapons
 a - a +2 dagger
 b - a +0 blowgun
 i - a +7 dagger of speed (weapon)
 n - a +0 short sword of distortion
 K - the +7 mace of the People {freeze, MR- Str+3 Int+3 Dex+3, unknown}
   (You found it on level 8 of the Dungeon)

   It has been specially enchanted to freeze those struck by it, causing extra
   injury to most foes and up to half again as much damage against particularly
   susceptible opponents.
   It can also slow down cold-blooded creatures.
   It affects your strength (+3).
   It affects your intelligence (+3).
   It affects your dexterity (+3).
   It affects your resistance to hostile enchantments.
 O - a +0 rapier of venom
Missiles
 c - 53 poisoned needles
 d - 3 curare-tipped needles
 x - 2 throwing nets (quivered)
 C - 6 javelins
 F - 7 needles of paralysis
Armour
 J - a +2 hat (worn)
 R - a +2 large shield (worn)
Jewellery
 e - a ring of magical power (right tentacle)
 g - a +4 ring of dexterity (left tentacle)
 t - an uncursed ring of see invisible {unknown}
 y - a cursed ring of attention (on tentacle)
 G - an uncursed ring of fire
 Q - a cursed ring of teleportation (on tentacle)
Wands
 p - a wand of polymorph (25)
 v - a wand of enslavement (5)
 z - a wand of iceblast (4)
 E - a wand of digging (4)
 I - a wand of clouds (1)
 L - a wand of paralysis (10)
 M - a wand of flame (18)
Scrolls
 s - 2 scrolls of magic mapping
 u - 2 scrolls of teleportation
 A - a scroll of immolation
 B - 5 scrolls of amnesia
Potions
 h - 4 potions of agility
 j - 3 potions of lignification
 k - 6 potions of curing
 l - 5 potions of flight
 m - 2 potions of magic
 q - 7 potions of might
 r - 2 potions of haste
 w - a potion of heal wounds
 D - a potion of berserk rage
 P - a potion of ambrosia {unknown}
Comestibles
 f - 19 rations


   Skills:
 + Level 8.8 Fighting
 - Level 7.1 Short Blades
 - Level 2.9 Throwing
 - Level 6.8 Dodging
 + Level 10.5 Stealth
 - Level 9.4 Shields
 - Level 2.4 Charms
 - Level 2.5 Air Magic
 + Level 6.3 Invocations


You had 8 spell levels left.
You knew the following spells:

 Your Spells              Type           Power        Failure   Level  Hunger
a - Swiftness             Chrm/Air       #.......     77%         2    ###....

Your spell library contained the following spells:

 Spells                   Type           Power        Failure   Level  Hunger
 Infusion                 Chrm           #...         65%         1    ##.....
 Song of Slaying          Chrm           #.......     78%         2    ###....
 Shock                    Conj/Air       #...         80%         1    ##.....
 Shroud of Golubria       Chrm/Tloc      #.........   91%         2    ###....
 Regeneration             Chrm/Necr      #.........   99%         3    ####...
 Spectral Weapon          Hex/Chrm       #.......     99%         3    ####...
 Static Discharge         Conj/Air       #.......     99%         3    ####...
 Airstrike                Air            #.........   100%        4    #####..
 Lightning Bolt           Conj/Air       #.........   100%        5    ######.


Dungeon Overview and Level Annotations

Branches:
Dungeon (13/15)            Temple (1/1) D:5            Lair (0/6) D:9
    Orc: D:9-12      Vaults: D:13-14

Altars:
Ashenzari
Cheibriados
Dithmenos
Elyvilon
Fedhas
Gozag
Hepliaklqana
Kikubaaqudgha
Makhleb
Nemelex Xobeh
Okawaru
Qazlal
Ru
Sif Muna
Trog
Uskayaw
Vehumet
Wu Jian
Xom
Yredelemnul
Zin
The Shining One
Lugonu

Shops:
D:12 [

Annotations:
D:3 Grinder
D:7 1 transporter


Innate Abilities, Weirdness & Mutations

You cannot wear most types of armour.
You are very stealthy in the water. (Stealth+)
You are amphibious.
You can wear up to eight rings at the same time.
You can use your tentacles to constrict eight enemies at once.
Your skin changes colour to match your surroundings (Stealth+).
Your rubbery body absorbs attacks. (AC +1, EV +1)
You possess an exceptional clarity of mind.
You are dopey. (Int -2)
You are frail. (-10% HP)


Message History

The seven-headed hydra bites you!
You block the seven-headed hydra's attack.
The seven-headed hydra bites you.
* * * LOW HITPOINT WARNING * * *
The seven-headed hydra bites you!
* * * LOW HITPOINT WARNING * * *
The seven-headed hydra completely misses you.
Okay, then.
You feel much better. The seven-headed hydra bites you!
* * * LOW HITPOINT WARNING * * *
The seven-headed hydra bites you!
* * * LOW HITPOINT WARNING * * *
You block the seven-headed hydra's attack.
The seven-headed hydra bites you.
* * * LOW HITPOINT WARNING * * *
You block the seven-headed hydra's attack.
The seven-headed hydra bites you.
* * * LOW HITPOINT WARNING * * *
The seven-headed hydra bites you.
You die...

#.#...# .+ +. #....# #.#
#...# #####..
####...#####........#
..<..................
####.................
#F..#s#####.......
#...##sss##.......
######@..##.sg##.......
.......D.....).(........
..................)(....
####...##########..#####
#... .#
#...##########..###
....................
###............#
#.......g....#


You could see a seven-headed hydra and a bullfrog.

Vanquished Creatures
  A two-headed ogre (D:11)
  2 ugly things
  2 slime creatures (D:12)
  A cyclops (D:8)
  Maurice (D:8)
  2 trolls
  3 hippogriffs
  4 redbacks (D:12)
  2 wyverns (D:9)
  2 basilisks (D:12)
  A water moccasin (D:12)
  2 sky beasts
  A black bear (D:9)
  A necrophage (D:11)
  An orc warrior (D:12)
  2 phantoms
  3 ice beasts
  8 ogres
  8 centaurs
  8 big kobolds
  9 bullfrogs
  An earth elemental (D:12)
  7 scorpions
  A wyvern skeleton (D:7)
  8 killer bees
  3 wights (D:9)
  6 howler monkeys
  10 crimson imps
  A bullfrog zombie (D:5)
  A jelly (D:5)
  2 quasits (D:12)
  4 hounds
  A gnoll shaman (D:10)
  5 orc priests
  2 bullfrog skeletons (D:11)
  2 iguanas
  4 orc wizards
  Terence (D:3)
  5 centaur skeletons
  8 worker ants
  A hound zombie (D:7)
  A hound skeleton (D:10)
  Robin (D:2)
  11 gnolls
  10 adders
  A river rat (D:3)
  A shadow imp (D:5)
  5 worms
  A dart slug (D:1)
  5 leopard geckos
  18 orcs
  6 giant cockroaches
  9 hobgoblins
  22 jackals
  5 quokkas
  6 ball pythons
  A ball python skeleton (D:5)
  6 bats
  9 frilled lizards
  9 goblins
  44 kobolds
  A leopard gecko zombie (D:7)
  A quokka skeleton (D:7)
  4 rats
  4 plants (Sewer)
318 creatures vanquished.

Vanquished Creatures (collateral kills)
  A cyclops (D:11)
  3 killer bees
  An orc priest (D:4)
  A leopard gecko (D:6)
  3 orcs
9 creatures vanquished.

Vanquished Creatures (others)
  A hippogriff (D:11)
  An ogre (D:12)
  A crocodile (D:11)
  2 killer bees (D:11)
  2 orcs
  A kobold (D:4)
  A plant (D:4)
9 creatures vanquished.

Grand Total: 336 creatures vanquished

Notes
Turn   | Place    | Note
-------+----------+-------------------------------------------
     0 | D:1      | Ijustatesigmund the Octopode Assassin began the quest for
                  | the Orb.
     0 | D:1      | Reached XP level 1. HP: 14/14 MP: 1/1
   167 | D:1      | Reached XP level 2. HP: 9/20 MP: 2/2
   952 | D:1      | Reached XP level 3. HP: 25/25 MP: 3/3
  1225 | D:2      | Found an iron altar of Okawaru.
  1421 | D:2      | Found a faded altar of an unknown god.
  1868 | D:2      | Noticed Robin
  1879 | D:2      | Reached XP level 4. HP: 18/31 MP: 4/4
  1885 | D:2      | Killed Robin
  2379 | D:3      | Found a radiant altar of Vehumet.
  2414 | D:3      | Found a sacrificial altar of Ru.
  2487 | D:3      | Noticed Terence
  2500 | D:3      | Killed Terence
  2500 | D:3      | Reached skill level 6 in Stealth
  2534 | D:3      | Found a glowing drain.
  2546 | D:3      | Reached XP level 5. HP: 19/36 MP: 5/5
  2555 | Sewer    | Entered a sewer
  3888 | D:3      | Noticed Grinder
  4056 | D:4      | Noticed a big kobold
  4074 | D:4      | Killed a big kobold
  4074 | D:4      | Reached XP level 6. HP: 38/43 MP: 6/6
  5101 | D:5      | Entered Level 5 of the Dungeon
  5116 | D:5      | Noticed a phantom
  5132 | D:5      | Killed a phantom
  5132 | D:5      | Reached XP level 7. HP: 18/49 MP: 7/7
  5460 | D:5      | Reached skill level 5 in Fighting
  5460 | D:5      | Reached skill level 5 in Short Blades
  6052 | D:5      | Reached XP level 8. HP: 56/56 MP: 8/8
  6109 | D:5      | Found a staircase to the Ecumenical Temple.
  6169 | Temple   | Entered the Ecumenical Temple
  6275 | Temple   | Became a worshipper of Dithmenos the Shadowed
  6526 | D:6      | Found a white marble altar of Elyvilon.
  6547 | D:6      | Reached skill level 1 in Invocations
  6675 | D:6      | Found a snail-covered altar of Cheibriados.
  6825 | D:6      | Reached skill level 7 in Stealth
  7573 | D:7      | Reached skill level 8 in Stealth
  7750 | D:7      | Reached XP level 9. HP: 50/61 MP: 12/12
  8052 | D:7      | Upgraded the game from 0.23-a0-169-gb21e695 to
                  | 0.23-a0-171-g5ae17c6
  8052 | D:7      | Reached * piety under Dithmenos
  8076 | D:7      | Learned a level 2 spell: Swiftness
  8226 | D:7      | Found a corrupted altar of Lugonu.
  8226 | D:7      | Noticed a large abomination
  8258 | D:7      | Found a transporter.
  8261 | D:7      | Noticed a white ugly thing
  8327 | D:7      | Found a shattered altar of Ashenzari.
  8418 | D:8      | Noticed a cyclops
  8427 | D:8      | Killed a cyclops
  8448 | D:8      | Noticed Maurice
  8455 | D:8      | Killed Maurice
  8455 | D:8      | Reached skill level 5 in Dodging
  8465 | D:8      | Got a bloodstained mace
  8782 | D:8      | Found a hazy altar of Hepliaklqana.
  8782 | D:8      | Found a glowing silver altar of Zin.
  8911 | D:8      | Reached ** piety under Dithmenos
  8981 | D:8      | Reached skill level 1 in Charms
  8981 | D:8      | Reached skill level 1 in Air Magic
  9017 | D:8      | Reached XP level 10. HP: 71/71 MP: 13/13
  9075 | D:8      | Found a basalt altar of Yredelemnul.
  9593 | D:9      | Found a staircase to the Lair.
  9794 | D:9      | Found a glowing golden altar of the Shining One.
 10569 | D:10     | Entered Level 10 of the Dungeon
 10591 | D:10     | Reached skill level 1 in Shields
 11016 | D:10     | Reached *** piety under Dithmenos
 11539 | D:9      | Reached skill level 5 in Shields
 12037 | D:11     | Reached **** piety under Dithmenos
 12180 | D:11     | Noticed a cyclops
 12210 | D:11     | Killed a cyclops
 12322 | D:11     | Reached XP level 11. HP: 77/77 MP: 14/14
 12575 | D:11     | Noticed a white ugly thing
 12576 | D:11     | Noticed a two-headed ogre
 12627 | D:11     | Killed a two-headed ogre
 12797 | D:11     | Killed a white ugly thing
 13175 | D:11     | Gained mutation: You are dopey. (Int -2) [potion of
                  | mutation]
 13175 | D:11     | Gained mutation: You are frail. (-10% HP) [potion of
                  | mutation]
 13175 | D:11     | Gained mutation: You possess an exceptional clarity of
                  | mind. [potion of mutation]
 13251 | D:12     | Reached skill level 9 in Stealth
 13315 | D:12     | Reached skill level 5 in Invocations
 13409 | D:12     | Found Senifo's Antique Armour Boutique.
 13422 | D:12     | Noticed a cyan ugly thing
 13590 | D:13     | Noticed a two-headed ogre
 13593 | D:13     | Noticed a two-headed ogre
 13615 | D:12     | Killed a cyan ugly thing
 13867 | D:12     | Reached skill level 10 in Stealth
 13918 | D:12     | Noticed a seven-headed hydra
 14325 | D:12     | HP: 3/70 [seven-headed hydra (6)]
 14325 | D:12     | Slain by a seven-headed hydra

Vault maps used:
D:1:      dpeg_arrival_three_smaller_balls, serial_bayou_pond_d
D:2:      okawaru_trees_1, first_ration, serial_forest,
          infiniplex_forest_lined_3, infiniplex_forest_straight_4,
          infiniplex_forest_clump_diagonal, infiniplex_forest_lined_room_,
          infiniplex_forest_clump_large, infiniplex_forest_clump_curved,
          infiniplex_forest_end_2, chequers_ecumenical_altar_island, uniq_robin
D:3:      nicolae_ru_sacrificial_ziggurat, vehumet_crystals,
          portal_sewer_entry_c, uniq_terence, uniq_grinder
D:4:      serial_park, serial_park_square1, minmay_misc_feat_tiny,
          lexackson_kobold_supper
D:5:      minmay_temple_entry_enclosed_plants
D:6:      lemuel_crystal_altar, cheibriados_altar_1
D:7:      gammafunk_corrupted_shrine, ashenzari_conservatory_becter
D:8:      kennysheep_mini_moat, gammafunk_temple_overflow_elements,
          blue_anna_alchemist, uniq_maurice
D:9:      lair_entry_dummy, tso_metal_star
D:12:     kennysheep_orc_monster_closet_entryway, serial_shops,
          nicolae_shop_stone, spider_trap, minmay_fountain_box,
          guppyfry_shop_earth
D:13:     kennysheep_generic_room_10, uniq_rupert, uniq_urug
Temple:   jpeg_temple_clearing
Sewer:    sewer_co_scattered_pipes

Skill      XL: |  1  2  3  4  5  6  7  8  9 10 11 |
---------------+----------------------------------+-----
Fighting       | 3 4 5 7 8 |  8.8
Short Blades   | 3 4 5 6 7 |  7.1
Stealth        | 6 8 10 | 10.5
Dodging        | 2 4 6 |  6.8
Invocations    | 4 6 |  6.3
Charms         | 1 2 |  2.4
Air Magic      | 1 2 |  2.5
Shields        | 7 9 |  9.4
Throwing       | |  2.9

Action                   |  1- 3 |  4- 6 |  7- 9 | 10-12 || total
-------------------------+-------+-------+-------+-------++-------
Melee: Dagger            |    55 |   225 |   205 |   365 ||   850
       Constrict         |    13 |    25 |    42 |    48 ||   128
       Tentacles         |     6 |    53 |    50 |    94 ||   203
 Fire: Blowgun           |       |       |     6 |    21 ||    27
Throw: Javelin           |       |     5 |     4 |     7 ||    16
Invok: Shadow Step       |       |       |       |     4 ||     4
Evoke: Wand              |       |     6 |    12 |    53 ||    71
  Use: Scroll            |     6 |     9 |     6 |    20 ||    41
       Potion            |       |     1 |     4 |     4 ||     9
 Stab: Sleeping          |     9 |    17 |    19 |    18 ||    63
       Distracted        |     1 |     2 |       |     5 ||     8
       Invisible         |       |       |     2 |       ||     2
       Paralysed         |       |       |       |     3 ||     3
  Eat: Ration            |     1 |     2 |     3 |     2 ||     8
       Chunk             |       |     4 |     3 |     8 ||    15
Armor: Skin              |     3 |     3 |     9 |    16 ||    31
Dodge: Dodged            |    15 |    44 |   116 |   125 ||   300
Block: Large shield      |       |       |       |   164 ||   164

Table legend:
 A = Non-vault XP
 B = Vault XP
 C = Vault XP percentage of total XP
 D = Non-vault monster count
 E = Vault monster count
 F = Vault count percentage of total count
                 A         B        C        D         E       F
            +---------+---------+-------+---------+---------+-------
      Total |   16211 |    1311 |   7.5 |     271 |      52 |  16.1
            +---------+---------+-------+---------+---------+-------
        D:1 |      37 |       0 |   0.0 |      24 |       0 |   0.0
        D:2 |      37 |      27 |  42.2 |       7 |       7 |  50.0
        D:3 |      67 |      59 |  46.8 |      19 |       7 |  26.9
        D:4 |     149 |     111 |  42.7 |       6 |       6 |  50.0
        D:5 |     698 |       0 |   0.0 |      19 |       0 |   0.0
        D:6 |     633 |       0 |   0.0 |      12 |       0 |   0.0
        D:7 |     889 |       0 |   0.0 |      28 |       0 |   0.0
        D:8 |    1730 |     569 |  24.7 |      35 |       2 |   5.4
        D:9 |    1236 |       0 |   0.0 |      24 |       0 |   0.0
       D:10 |    1712 |       0 |   0.0 |      38 |       0 |   0.0
       D:11 |    4754 |       0 |   0.0 |      32 |       0 |   0.0
       D:12 |    4003 |     495 |  11.0 |      26 |       6 |  18.8
       D:13 |     266 |       0 |   0.0 |       1 |       0 |   0.0
      Sewer |       0 |      50 | 100.0 |       0 |      24 | 100.0
            +---------+---------+-------+---------+---------+-------
